Map: Ascension to Aiur LE

Players

Axolotls - Winner!

  • Race: Zerg Zerg
  • League: Diamond
  • Spawn Location: 5:00

Perseus

  • Race: Protoss Protoss
  • League: Diamond
  • Spawn Location: 11:00

VOD

Have the link to the VOD?

Description

ayy yo neuro famalam

Time

  • Played on: Jan. 13, 2018, 12:18 p.m.
  • Length: 14:57
Show
View Real Time Build Order
Export as new Build Order

Axolotls Zerg - Winner!

Build Orders: Hatch First 

Get SALT Encoding   

  12  0:01  Drone  
  13  0:12  Overlord  
  13  0:17  Drone  
  14  0:31  Drone x2  
  14  0:35  Drone  
  17  0:46  Drone  
  18  0:56  Hatchery  
  17  0:59  Drone  
  18  1:04  Extractor  
  18  1:06  Drone  
  18  1:19  Spawning Pool  
  18  1:20  Drone  
  18  1:29  Drone  
  19  1:38  Overlord  
  19  1:50  Drone  
  20  2:01  Drone  
  21  2:05  Metabolic Boost  
  21  2:06  Queen  
  21  2:07  Queen  
  25  2:08  Zergling x2  
  25  2:11  Zergling x2  
  27  2:31  Hatchery  
  27  2:34  Drone  
  27  2:39  Drone x2  
  29  2:52  Drone x4  
  29  2:57  Drone  
  34  3:07  Drone x2  
  35  3:18  Queen  
  36  3:20  Overlord  
  36  3:21  Overlord  
  36  3:26  Roach Warren  
  35  3:27  Drone  
  35  3:31  Lair  
  36  3:48  Overlord  
  36  3:50  Overlord  
  36  3:53  Spore Crawler  
  35  4:01  Drone x2  
  35  4:02  Drone x9  
  46  4:05  Drone x2  
  48  4:11  Extractor  
  47  4:17  Drone x3  
  47  4:19  Extractor  
  47  4:20  Drone x3  
  52  4:25  Spore Crawler  
  52  4:28  Glial Reconstitution  
  51  4:36  Roach  
  51  4:37  Roach  
  55  4:39  Drone  
  55  4:41  Extractor, Drone x3  
  55  4:43  Drone x2  
  60  4:46  Roach  
  60  4:47  Roach  
  60  4:49  Roach  
  66  4:57  Overlord  
  66  4:58  Overlord  
  64  5:03  Overlord x2  
  64  5:07  Overlord  
  63  5:17  Hydralisk Den  
  63  5:19  Roach x5  
  63  5:21  Roach  
  71  5:24  Drone x2  
  71  5:25  Drone  
  74  5:31  Queen  
  74  5:34  Roach  
  78  5:39  Drone x4  
  78  5:40  Drone  
  81  5:58  Muscular Augments  
  81  6:01  Drone x4  
  81  6:02  Drone  
  81  6:03  Lurker Den, Drone x3  
  84  6:12  Drone x4  
  84  6:13  Extractor, Drone  
  84  6:14  Extractor  
  87  6:20  Drone x3  
  88  6:39  Drone x2  
  86  6:41  Evolution Chamber x2  
  86  6:46  Hydralisk x6  
  86  6:47  Hydralisk x2  
  84  6:53  Drone  
  91  6:54  Overseer  
  91  6:55  Hatchery  
  91  6:56  Hydralisk x3  
  91  6:59  Overlord  
  96  7:01  Overlord  
  96  7:07  Zerg Ground Armor Level 1  
  96  7:08  Zerg Missile Weapons Level 1  
  96  7:11  Hydralisk  
  96  7:14  Roach  
  92  7:24  Hydralisk  
  92  7:25  Hydralisk x4  
  102  7:34  Hydralisk x2  
  108  7:37  Roach x2  
  108  7:38  Overlord x3  
  108  7:40  Extractor  
  109  7:44  Extractor  
  109  7:45  Hydralisk x3  
  114  7:56  Queen  
  114  7:58  Hydralisk x3  
  116  8:01  Zergling x10  
  116  8:04  Drone x3  
  130  8:07  Drone  
  130  8:10  Drone x3  
  130  8:11  Drone x2  
  130  8:12  Drone  
  137  8:21  Zergling x2  
  138  8:28  Spine Crawler, Spore Crawler  
  138  8:31  Spire  
  138  8:32  Spine Crawler  
  138  8:33  Spire  
  113  8:54  Overlord x3  
  108  9:07  Overlord x2  
  108  9:15  Zerg Missile Weapons Level 2, Zerg Ground Armor Level 2  
  108  9:43  Zerg Flyer Armor Level 1  
  108  9:45  Corruptor x6, Zerg Flyer Weapons Level 1  
  108  9:46  Corruptor x3  
  108  9:51  Corruptor  
  128  9:54  Zergling x2  
  128  9:55  Zergling x38  
  148  10:03  Roach x4  
  156  10:10  Drone x2  
  156  10:12  Infestation Pit  
  156  10:13  Hydralisk x3  
  157  10:20  Corruptor x2  
  167  10:34  Corruptor x3  
  173  10:42  Hydralisk  
  173  10:43  Hydralisk x3  
  160  11:02  Corruptor x3  
  160  11:03  Corruptor  
  148  11:10  Roach x5  
  152  11:12  Zergling x12  
  152  11:13  Zergling x10  
  163  11:27  Roach x3  
  163  11:28  Roach x3  
  163  11:29  Overlord  
  173  11:41  Roach  
  173  11:42  Overlord x2  
  173  11:44  Zerg Flyer Armor Level 2  
  173  11:45  Zerg Flyer Weapons Level 2  
  174  11:59  Hydralisk  
  174  12:00  Hydralisk x7  
  160  12:09  Roach x5  
  162  12:16  Corruptor  
  162  12:17  Corruptor  
  162  12:19  Roach x2  
  164  12:28  Hydralisk x4  
  164  12:46  Hatchery  
  164  13:02  Hatchery  
  164  13:07  Lurker x3  
  164  13:11  Roach  
  164  13:12  Roach x14  
  164  13:31  Extractor  
  164  13:33  Extractor  
  164  13:44  Roach x3  
  164  13:47  Overseer  
  164  13:48  Pneumatized Carapace  
  164  14:20  Drone  
Show
View Real Time Build Order
Export as new Build Order

Perseus Protoss 

Build Orders: 1 Gate Expand, Phoenix Opening 

Get SALT Encoding   

  12  0:01  Probe  
  13  0:13  Probe  
  14  0:18  Pylon  
  14  0:25  Probe (Chrono Boost)  
  15  0:38  Probe (Chrono Boost)  
  15  0:39  Gateway  
  16  0:43  Probe (Chrono Boost)  
  17  0:52  Probe  
  18  1:14  Nexus  
  18  1:21  Assimilator  
  18  1:25  Assimilator  
  18  1:35  Cybernetics Core  
  18  1:37  Probe (Chrono Boost)  
  19  1:47  Probe (Chrono Boost)  
  20  1:52  Probe (Chrono Boost)  
  21  1:57  Pylon  
  21  2:03  Probe  
  22  2:13  Adept (Chrono Boost)  
  22  2:14  Warp Gate  
  24  2:16  Probe  
  25  2:32  Adept  
  25  2:34  Stargate  
  27  2:42  Gateway  
  27  2:52  Gateway  
  27  2:56  Probe x2  
  29  3:08  Probe  
  29  3:09  Probe  
  31  3:19  Phoenix (Chrono Boost)  
  29  3:22  Probe x2  
  33  3:34  Probe x2  
  33  3:35  Phoenix (Chrono Boost)  
  37  3:44  Pylon  
  37  3:46  Probe (Chrono Boost)  
  37  3:47  Probe (Chrono Boost)  
  39  3:56  Probe x2 (Chrono Boost)  
  39  4:00  Phoenix (Chrono Boost)  
  39  4:01  Assimilator  
  43  4:07  Assimilator  
  43  4:09  Probe x2  
  45  4:21  Pylon, Probe x2  
  45  4:22  Phoenix (Chrono Boost)  
  49  4:25  Pylon  
  49  4:33  Probe x2  
  51  4:39  Phoenix  
  53  4:45  Probe  
  53  4:46  Probe  
  55  5:04  Phoenix, Adept x3  
  63  5:10  Probe x2  
  65  5:22  Probe x2  
  65  5:23  Pylon  
  65  5:24  Pylon  
  65  5:25  Pylon  
  67  5:30  Adept  
  69  5:41  Nexus  
  69  5:43  Pylon, Adept x2  
  69  5:47  Probe x2  
  75  5:54  Void Ray  
  79  6:12  Stargate  
  79  6:13  Stargate, Probe  
  79  6:14  Probe  
  79  6:15  Fleet Beacon  
  81  6:19  Pylon  
  81  6:22  Stalker  
  71  6:38  Stalker x2  
  69  7:00  Carrier x2 (Chrono Boost)  
  81  7:04  Probe x2  
  81  7:05  Probe  
  84  7:16  Probe x2  
  84  7:17  Probe  
  84  7:19  Carrier (Chrono Boost)  
  83  7:27  Graviton Catapult (Chrono Boost), Zealot  
  91  7:36  Pylon  
  91  7:37  Pylon, Adept  
  91  7:38  Pylon, Adept  
  95  7:45  Pylon  
  95  7:46  Pylon  
  93  8:02  Forge  
  93  8:03  Forge  
  93  8:04  Twilight Council  
  93  8:05  Pylon  
  93  8:10  Assimilator  
  93  8:12  Adept, Assimilator  
  95  8:14  Adept  
  95  8:17  Void Ray (Chrono Boost)  
  99  8:28  Adept  
  99  8:42  Adept x2  
  99  8:45  Carrier (Chrono Boost)  
  103  8:49  Void Ray  
  103  8:54  Probe x3  
  116  9:06  Probe x3  
  116  9:08  Protoss Ground Armor Level 1  
  116  9:09  Protoss Ground Weapons Level 1  
  119  9:12  Adept x2  
  119  9:13  Adept  
  125  9:18  Probe x2  
  125  9:19  Templar Archives  
  127  9:38  Gateway  
  127  9:39  Gateway x2  
  131  9:47  Void Ray (Chrono Boost)  
  131  9:49  Void Ray (Chrono Boost)  
  135  9:59  High Templar x2  
  139  10:03  Archon  
  139  10:09  Nexus  
  139  10:11  Pylon  
  139  10:15  Protoss Air Weapons Level 1 (Chrono Boost), Assimilator  
  139  10:19  Assimilator  
  139  10:26  Photon Cannon  
  139  10:28  Photon Cannon  
  139  10:30  Shield Battery  
  139  10:33  High Templar x2  
  139  10:34  Photon Cannon  
  143  10:37  Archon  
  143  10:42  High Templar x2  
  123  10:59  Psionic Storm  
  111  11:14  High Templar  
  111  11:15  High Templar x2  
  111  11:17  Zealot x3  
  123  11:23  Photon Cannon  
  123  11:25  Photon Cannon  
  123  11:28  Photon Cannon  
  123  11:30  Shield Battery  
  123  11:31  Probe, Shield Battery  
  123  11:32  Probe x3  
  127  11:36  Void Ray, Photon Cannon  
  127  11:38  Photon Cannon  
  131  11:41  Void Ray  
  131  11:44  Probe x4  
  139  11:49  High Templar  
  125  12:05  Adept x5  
  103  12:16  Archon  
  103  12:17  Archon  
  97  12:26  Adept x2  
  97  12:27  Adept x4  
Tags
 
Add a new tag
Caveats
  • Supply blocks, unpowered buildings, or Contaminate may cause inaccurate times.
  • Supply counts are checked every 10 seconds.